Map: Simulacrum LE

Players

Sniperwolfe - Winner!

  • Race: Zerg Zerg
  • Spawn Location: 11:00

A.I. 1 (Easy)

  • Race: Zerg Zerg
  • Spawn Location: 5:00

VOD

Have the link to the VOD?

Description

Time

  • Played on: Jan. 18, 2020, 5:10 p.m.
  • Length: 10:36
Show
View Real Time Build Order
Export as new Build Order

Sniperwolfe Zerg - Winner!

Build Orders: Hatch First 

Get SALT Encoding   

  12  0:01  Drone  
  13  0:12  Overlord  
  13  0:17  Drone  
  14  0:31  Drone x2  
  14  0:34  Drone  
  17  0:55  Hatchery  
  16  0:59  Drone  
  16  1:02  Drone  
  18  1:14  Extractor  
  18  1:18  Spawning Pool  
  16  1:20  Drone  
  16  1:22  Drone  
  18  1:29  Drone  
  20  1:40  Drone  
  20  1:49  Overlord  
  20  2:06  Queen  
  20  2:07  Queen  
  24  2:09  Zergling x4  
  24  2:11  Drone  
  27  2:17  Drone  
  27  2:18  Metabolic Boost  
  27  2:22  Drone  
  29  2:28  Drone  
  30  2:45  Hatchery  
  30  2:50  Drone x3  
  32  2:54  Overlord  
  32  3:02  Queen  
  34  3:09  Drone x2  
  36  3:16  Zergling x6  
  39  3:22  Drone x3  
  42  3:27  Overlord  
  42  3:30  Drone  
  42  3:33  Drone  
  44  3:46  Drone x2  
  44  3:47  Drone  
  47  3:51  Drone x2  
  49  3:55  Overlord  
  49  3:58  Drone  
  49  4:00  Spore Crawler  
  49  4:02  Spore Crawler  
  48  4:07  Drone x6  
  48  4:08  Drone  
  55  4:13  Overlord  
  55  4:15  Overlord  
  55  4:20  Lair  
  55  4:26  Baneling Nest  
  55  4:30  Drone x4  
  55  4:31  Drone  
  59  4:34  Overlord  
  59  4:37  Drone  
  60  4:43  Zergling x10  
  65  4:48  Drone x4  
  69  4:54  Overlord  
  69  5:00  Drone x4  
  69  5:05  Drone  
  74  5:16  Drone x2  
  76  5:23  Extractor  
  76  5:24  Extractor  
  76  5:25  Extractor, Queen  
  75  5:29  Drone, Extractor  
  75  5:30  Drone x6  
  75  5:31  Extractor  
  75  5:34  Overlord  
  80  5:59  Zergling x2  
  80  6:00  Zergling x16  
  80  6:01  Queen  
  91  6:09  Zergling x6  
  94  6:19  Zergling x6  
  97  6:31  Hydralisk Den  
  97  6:32  Zergling x6  
  99  6:36  Queen  
  99  6:37  Overlord x2  
  101  6:40  Overlord  
  101  6:51  Drone x2  
  101  6:53  Zergling x4  
  106  6:54  Zergling x2  
  106  6:58  Zergling x2  
  106  6:59  Zergling x12  
  112  7:16  Hydralisk x3  
  112  7:17  Hatchery, Hydralisk  
  112  7:18  Hatchery  
  117  7:25  Overlord x2  
  117  7:27  Hydralisk  
  119  7:35  Hydralisk  
  119  7:36  Hydralisk x4  
  123  7:42  Overlord x3  
  129  7:44  Overlord  
  129  7:46  Hydralisk x3  
  135  7:53  Burrow  
  135  8:06  Hydralisk  
  135  8:07  Hydralisk x5  
  147  8:16  Hydralisk  
  147  8:17  Hydralisk x2  
  147  8:18  Evolution Chamber x2  
  151  8:27  Hydralisk x10  
  151  8:28  Hydralisk  
  174  8:34  Zergling x4  
  174  8:38  Overlord  
  174  8:39  Overlord  
  175  8:55  Hydralisk  
  175  8:56  Hydralisk x11  
  199  9:06  Grooved Spines  
  199  9:09  Centrifical Hooks  
  199  9:12  Zergling x2  
  199  9:17  Overseer  
  200  9:18  Overseer  
  198  10:04  Baneling x11  
  198  10:05  Baneling x29  
  198  10:06  Baneling x4  
  198  10:09  Baneling x5  
  198  10:10  Baneling x8  
Show
View Real Time Build Order
Export as new Build Order

A.I. 1 (Easy) Zerg 

Build Orders: Pool First 

Get SALT Encoding   

  12  0:00  Drone  
  13  0:12  Overlord  
  13  0:17  Drone  
  14  0:30  Drone  
  14  0:34  Drone  
  16  0:44  Spawning Pool  
  16  0:46  Extractor  
  16  0:47  Drone  
  15  0:52  Drone  
  16  0:58  Overlord  
  16  1:31  Zergling x2, Queen  
  19  1:33  Roach Warren  
  19  1:35  Extractor  
  19  1:37  Drone  
  18  1:42  Drone  
  19  1:58  Drone  
  20  2:02  Zergling x2  
  20  2:05  Overlord  
  21  2:14  Drone  
  22  2:24  Drone  
  23  2:35  Drone  
  24  2:38  Roach  
  24  2:39  Drone  
  24  2:44  Drone  
  28  3:08  Overlord, Ravager  
  28  3:09  Roach  
  31  3:39  Ravager  
  31  3:40  Roach  
  34  5:55  Zergling x2  
  34  6:43  Lair, Drone, Overlord  
  34  6:44  Zergling x2  
  36  6:48  Drone  
  36  6:51  Hatchery  
  36  6:52  Drone  
  37  7:15  Zergling x2  
  28  7:31  Zergling x2  
  29  7:41  Overseer x2  
  29  7:42  Spire  
  29  7:43  Drone  
  29  8:03  Drone  
  30  8:08  Drone  
  30  8:12  Extractor, Drone  
  31  8:15  Extractor  
  31  8:16  Drone  
  31  8:21  Drone  
  31  8:25  Drone  
  33  8:29  Drone  
  33  8:34  Drone  
  35  8:38  Drone  
  36  8:42  Drone  
  36  8:47  Drone  
  38  8:51  Drone  
  38  8:55  Mutalisk, Drone  
  40  8:59  Drone  
  43  9:04  Drone  
  43  9:08  Drone  
  45  9:11  Mutalisk  
  45  9:12  Drone  
  45  9:17  Drone  
  49  9:18  Overlord  
  49  9:21  Drone  
  50  9:25  Drone  
  50  9:28  Mutalisk  
  50  9:30  Drone  
  54  9:34  Drone  
  54  9:37  Overlord  
  55  9:38  Drone  
  55  9:43  Zergling x2  
  55  9:44  Drone  
  46  9:48  Drone  
  46  9:52  Drone  
  33  10:00  Mutalisk  
  33  10:15  Drone, Zergling x2  
  33  10:16  Overlord  
Tags
 
Add a new tag
Caveats
  • Supply blocks, unpowered buildings, or Contaminate may cause inaccurate times.
  • Supply counts are checked every 10 seconds.